 Dungeon Crawl Stone Soup version 0.16.1 (webtiles) character file.

1288 Gigax the Ruffian (level 8, 0/85 HPs)
             Began as an Octopode Fighter on Mar 23, 2015.
             Succumbed to a water moccasin's poison
             ... on level 6 of the Dungeon.
             The game lasted 00:10:55 (5937 turns).

Gigax the Ruffian (Octopode Fighter)                Turns: 5937, Time: 00:10:55

Health: 0/85       AC: 24    Str: 16    XL:     8   Next: 55%
Magic:  8/8        EV:  2    Int: 10    God:
Gold:   283        SH: 10    Dex: 18    Spells: 0 memorised, 7 levels left

rFire  . . .     SeeInvis .       - Unarmed
rCold  . . .     Clarity  .     c - +1 shield
rNeg   + + +     SustAb   .     (helmet currently unavailable)
rPois  +         Gourm    .     p - amulet of resist mutation
rElec  .         Spirit   .     (no ring)
rCorr  .         Warding  .     (no ring)
rMut   +         NoTele   +     (no ring)
MR     .....                    (no ring)
Stlth  +++.......               (no ring)
                                (no ring)
                                (no ring)
                                (no ring)

@: agile, lethally poisoned (0 -> -8), tree-form, not resistant to hostile
enchantments, fairly stealthy
A: almost no armour, amphibious, 8 rings, (constrict 8), (camouflage 0),
(gelatinous body 0)
a: no special abilities


You were on level 6 of the Dungeon.
You were very hungry.
You were a tree.
You visited 1 branch of the dungeon, and saw 6 of its levels.

You collected 283 gold pieces.

Inventory:

Armour
 c - a +1 shield (worn)
Jewellery
 d - an uncursed ring of fire
 p - an amulet of resist mutation (around neck)
Magical devices
 g - a wand of frost (16)
 r - a wand of paralysis (0)
 s - a wand of random effects (29)
 u - a wand of flame (23)
Scrolls
 i - 2 scrolls of enchant armour
 n - 2 scrolls of remove curse
 t - a scroll of identify {unknown}
Potions
 e - a potion of curing {unknown}
 f - a potion of agility
 j - a potion of poison {unknown}
 l - 2 potions of ambrosia {unknown}
 m - 2 potions of restore abilities {unknown}
 q - a potion of magic {unknown}
 v - a potion of mutation {unknown}
 w - a potion of brilliance {unknown}
Books
 x - a book of Hinderance

   Spells                             Type                      Level
   a - Confusing Touch                Hexes                        2
   b - Confuse                        Hexes                        3
   c - Petrify                        Transmutation/Earth          4
   d - Metabolic Englaciation         Hexes/Ice                    5
   e - Gell's Gravitas                Hexes/Translocation          5
   f - Summon Mana Viper              Hexes/Summoning              5
Comestibles
 a - 5 bread rations
 h - 2 slices of pizza
 k - a royal jelly
 o - 2 meat rations


   Skills:
 + Level 6.1 Fighting
 + Level 5.4 Dodging
 - Level 3.0 Shields
 * Level 7.5 Unarmed Combat


You had 7 spell levels left.
You didn't know any spells.

Dungeon Overview and Level Annotations

Branches:
Dungeon (6/15)
 Temple: D:4-7

Altars:
Fedhas
Kikubaaqudgha
Qazlal
Ru

Shops:
D:4 ?

Annotations:
D:5 achirane's ghost, experienced DEFi


Innate Abilities, Weirdness & Mutations

You cannot wear most types of armour.
You are amphibious.
You can wear up to eight rings at the same time.
((You can use your tentacles to constrict many enemies at once.))
((Your skin changes colour to match your surroundings (Stealth).))
((Your rubbery body absorbs attacks (AC +1).))


Message History

The orc wizard glows brightly for a moment.
The orc hits you with a whip.
* * * LOW HITPOINT WARNING * * *
Huge Dmg: -12%(-7hp) hp: 4%(2hp) Drink which item? (? for menu, Esc to quit)
It was a potion of lignification.
You turn into a tree.
Your roots penetrate the ground.
* * * LOW HITPOINT WARNING * * *
You feel sick. The orc hits you but does no damage.
Your shield prevents you from hitting the orc.
* * * LOW HITPOINT WARNING * * *
You feel sick.
Huge Dmg: -1%(-1hp) hp: 2%(1hp)
You hit the orc.
The orc is moderately wounded.
* * * LOW HITPOINT WARNING * * *
You feel sick. The orc hits you but does no damage. You block the orc's attack.
You hit the orc.
The orc is moderately wounded.
You die...

......#####.....
#.#.............
#######.#...?.........
.......................
###########.####o........
................o...#####
##########.###......# ###
#.......#.########## ...
#.###.#.#oo♣....!... ###
#.#.############ #.# .
#.# ## #.# #.# #..


You could see an orc wizard and an orc.

Vanquished Creatures
  Grinder (D:3)
  A water moccasin (D:6)
  A sky beast (D:5)
  The ghost of LordHeini the Skirmisher, an average MiFi (D:3)
  An ogre (D:4)
  A centaur (D:6)
  Duvessa (D:4)
  Dowan (D:4)
  A crimson imp (D:5)
  A centaur skeleton (D:4)
  A gnoll shaman (D:4)
  A hound (D:4)
  5 worker ants
  Ijyb (D:2)
  Jessica (D:2)
  Robin (D:2)
  9 gnolls
  4 adders
  A shadow imp (D:5)
  2 worms
  2 adder skeletons (D:5)
  An adder zombie (D:5)
  A giant gecko (D:5)
  An ooze (D:1)
  8 orcs
  6 bats
  A bat skeleton (D:5)
  7 giant cockroaches
  12 goblins
  16 hobgoblins
  4 jackals (D:1)
  3 quokkas
  3 ball pythons
  A giant gecko skeleton (D:3)
  4 giant newts
  10 kobolds
  A quokka zombie (D:5)
  12 rats
129 creatures vanquished.

Notes
Turn   | Place    | Note
--------------------------------------------------------------
     0 | D:1      | Gigax, the Octopode Fighter, began the quest for the Orb.
     0 | D:1      | Reached XP level 1. HP: 16/16 MP: 1/1
   321 | D:1      | Reached XP level 2. HP: 21/21 MP: 2/2
   825 | D:2      | Reached XP level 3. HP: 17/26 MP: 3/3
   938 | D:2      | Noticed Jessica
   944 | D:2      | Killed Jessica
  1119 | D:2      | Noticed Robin
  1125 | D:2      | Reached XP level 4. HP: 23/33 MP: 4/4
  1414 | D:2      | Killed Robin
  1414 | D:2      | Reached skill level 4 in Fighting
  1441 | D:2      | Found a sacrificial altar of Ru.
  1443 | D:2      | Found a blossoming altar of Fedhas.
  1752 | D:2      | Noticed Ijyb
  1759 | D:2      | Killed Ijyb
  1948 | D:3      | Reached XP level 5. HP: 11/37 MP: 5/5
  1956 | D:3      | HP: 1/37 [gnoll/halberd (11)]
  2263 | D:3      | Noticed LordHeini's ghost (average MiFi)
  2271 | D:3      | Killed LordHeini's ghost
  2303 | D:3      | Found a stormy altar of Qazlal.
  2315 | D:3      | Reached XP level 6. HP: 44/44 MP: 6/6
  2476 | D:3      | Noticed Grinder
  2638 | D:3      | HP: 2/44 [hobgoblin/club (6)]
  3267 | D:3      | Killed Grinder
  3267 | D:3      | Reached skill level 5 in Fighting
  3267 | D:3      | Reached skill level 5 in Unarmed Combat
  3267 | D:3      | Reached XP level 7. HP: 13/50 MP: 7/7
  3756 | D:4      | Found Cradara's Magic Scroll Boutique.
  4016 | D:4      | Noticed Duvessa
  4017 | D:4      | Noticed Dowan
  4035 | D:4      | Killed Duvessa
  4042 | D:4      | Killed Dowan
  4042 | D:4      | Reached skill level 6 in Unarmed Combat
  4380 | D:5      | Entered Level 5 of the Dungeon
  4664 | D:5      | Reached XP level 8. HP: 56/56 MP: 8/8
  4928 | D:5      | Noticed achirane's ghost (experienced DEFi)
  5625 | D:4      | Reached skill level 5 in Dodging
  5660 | D:5      | Found an ancient bone altar of Kikubaaqudgha.
  5687 | D:5      | Reached skill level 7 in Unarmed Combat
  5933 | D:6      | HP: 2/57 [orc/whip (5)]
  5937 | D:6      | Succumbed to a water moccasin's poison

Action                   |  1- 3 |  4- 6 |  7- 9 || total
-------------------------+-------+-------+-------++-------
Melee: Unarmed           |    61 |   101 |   160 ||   322
Evoke: Wand              |       |       |     5 ||     5
  Use: Scroll            |     4 |       |     2 ||     6
       Potion            |       |     3 |     2 ||     5
 Stab: Sleeping          |     4 |     1 |     1 ||     6
       Invisible         |       |     2 |       ||     2
       Distracted        |       |     1 |       ||     1
       Paralysed         |       |       |     8 ||     8
  Eat: Chunk             |     1 |     6 |     8 ||    15
